 Dungeon Sprint DCSS version 0.27-a0-1232-gc6a4cbde82 (webtiles) character file.

Game seed: 11520318297385743225

96 rocky1 the Blocker (level 4, -4/39 HPs)
             Began as a Minotaur Fighter on June 9, 2021.
             Slain by a fire elemental (9 damage)
             ... summoned by a deep elf pyromancer
             ... in the Dungeon (Sprint III: "The Ten Rune Challenge").
             The game lasted 00:01:22 (880 turns).

rocky1 the Blocker (Minotaur Fighter)                Turns: 880, Time: 00:01:23

Health: -4/39      AC:  9    Str: 21    XL:     4   Next: 41%
Magic:  3/3        EV:  6    Int:  5    God:
Gold:   35         SH: 11    Dex: 10    Spells: 3/3 levels left

rFire    . . .     SeeInvis .   a - +0 long sword
rCold    . . .     Faith    .   c - +0 kite shield
rNeg     . . .     Spirit   .   k - +0 chain mail
rPois    .         Reflect  .   (helmet restricted)
rElec    .         Harm     .   (no cloak)
rCorr    .         Rampage  .   (no gloves)
Will     .....     NoTele   +   (no boots)
Stlth    ..........             (no amulet)
HPRegen  0.13/turn              (no ring)
MPRegen  0.08/turn              (no ring)

@: hasted, very quick
A: horns 2, retaliatory headbutt
a: no special abilities


You were in the Dungeon.
You visited 1 branch You collected 35 gold pieces.

Inventory:

Hand Weapons
 a - a +0 long sword (weapon)
Armour
 b - a +0 scale mail
 c - a +0 kite shield (worn)
 k - a +0 chain mail (worn)
Scrolls
 j - a scroll of blinking
 l - a scroll of holy word {unknown}
 m - 2 scrolls of identify
 o - a scroll of torment {unknown}
 p - a scroll of enchant armour {unknown}
Potions
 e - a potion of curing
 f - 2 potions of heal wounds
 h - 2 potions of magic
 i - 3 potions of mutation {unknown}
 n - a potion of flight {unknown}
 q - a potion of resistance {unknown}


   Skills:
 - Level 3.6 Fighting
 + Level 7.8 Long Blades
 - Level 3.6 Armour
 + Level 8.3 Shields


You had 3 spell levels left.
You didn't know any spells.
Your spell library was empty.

Dungeon Overview and Level Annotations

Branches:
Dungeon (1/1)

Altars:
Elyvilon
Zin
The Shining One


Innate Abilities, Weirdness & Mutations

You have a pair of horns on your head.
You reflexively headbutt those who attack you in melee.


Message History

You open the door.
Found a glowing silver altar of Zin.
You feel yourself speed up.
A deep elf pyromancer comes into view.
It is wielding a +0 long sword of holy wrath.
Found a potion of heal wounds.
Found two altars.
There is an open door here.
The deep elf pyromancer hits you but does no damage.
You slash the deep elf pyromancer!
The deep elf pyromancer is moderately wounded.
The deep elf pyromancer hits you but does no damage.
You hit the deep elf pyromancer but do no damage.
Your headbutt misses the deep elf pyromancer.
The deep elf pyromancer is moderately wounded.
You hit the deep elf pyromancer.
Your headbutt misses the deep elf pyromancer.
The deep elf pyromancer is heavily wounded.
The deep elf pyromancer points at you and mumbles some strange words.
The bolt of fire hits you!!
Ouch! That really hurt!
You closely miss the deep elf pyromancer.
The deep elf pyromancer is moderately wounded.
The deep elf pyromancer casts a spell.
You barely miss the deep elf pyromancer.
You headbutt the deep elf pyromancer!
The deep elf pyromancer is severely wounded.
The deep elf pyromancer points at you and mumbles some strange words.
The sticky flame hits you.
You are covered in liquid flames!
You barely miss the deep elf pyromancer.
The deep elf pyromancer is severely wounded.
You are covered in liquid flames!
* * * LOW HITPOINT WARNING * * *
You block the fire elemental's attack. x2
The deep elf pyromancer hits you but does no damage.
You miss the deep elf pyromancer.
The deep elf pyromancer is severely wounded.
You are covered in liquid flames!
* * * LOW HITPOINT WARNING * * *
The fire elemental hits you. The fire elemental burns you!
You die...

▓▓▓▓▓ ▓▓▓ #...####
##.#####
#......#####..#_E_#
#....†..#..#..#e@.#
##.##...#..#..###'#+###+##
##.###..##'#..#..........#
###.##..###...'.⌠........#
#..##..####...#...######+#
...##..###....#.⌠.#
..##...##.....#...#
.##....#÷.....#+###
###..##.#.....#


You could see a deep elf pyromancer and a fire elemental (summoned).

Vanquished Creatures
  A water elemental (D)
  A human (D)
  A wolf (D)
  2 endoplasms (D)
  2 rats (D)
7 creatures vanquished.

Notes
Turn   | Place    | Note
-------+----------+-------------------------------------------
     0 | D        | rocky1 the Minotaur Fighter began the quest for the Orb.
     0 | D        | Reached XP level 1. HP: 19/19 MP: 0/0
    11 | D        | Reached skill level 4 in Shields
   241 | D        | Noticed a wolf
   247 | D        | Killed a wolf
   248 | D        | Reached skill level 5 in Shields
   248 | D        | Reached XP level 2. HP: 18/26 MP: 1/1
   259 | D        | Reached skill level 5 in Long Blades
   259 | D        | Reached skill level 6 in Shields
   259 | D        | Reached XP level 3. HP: 10/31 MP: 2/2
   504 | D        | Noticed a water elemental
   510 | D        | Killed a water elemental
   511 | D        | Reached skill level 8 in Shields
   511 | D        | Reached XP level 4. HP: 7/39 MP: 3/3
   870 | D        | Found a glowing silver altar of Zin.
   872 | D        | Found a glowing golden altar of the Shining One.
   872 | D        | Found a white marble altar of Elyvilon.
   872 | D        | Noticed a deep elf pyromancer
   878 | D        | Noticed a fire elemental
   880 | D        | Slain by a fire elemental

Illustrated notes

Levels and vault maps discovered:
D:        dungeon_sprint_mu [sprint_mu_entry_cave, sprint_mu_temple_rooms,
          sprint_mu_d1_horrors, sprint_mu_d2_genie, sprint_mu_d3_branching,
          sprint_mu_orc_legion, sprint_mu_elf_gauntlet, sprint_mu_hive_nellie,
          sprint_mu_lair_fedhas, sprint_mu_vaults_butterflies,
          sprint_mu_slime_circle, sprint_mu_shoals_archi,
          sprint_mu_snake_twists, sprint_mu_blade_basic,
          sprint_mu_crypt_chambers, sprint_mu_tomb_spiral,
          sprint_mu_vestibule_basic, sprint_mu_gehenna_hellfire,
          sprint_mu_dis_giant, sprint_mu_tartarus_statrot,
          sprint_mu_cocytus_islands, sprint_mu_zot1]

Skill      XL: |  1  2  3 |
---------------+----------+-----
Long Blades    | 4 5 7 |  7.8
Shields        | 5 6 8 |  8.3
Fighting       | |  3.6
Armour         | |  3.6

Action                   |  1- 3 |  4- 6 || total
-------------------------+-------+-------++-------
Melee: Long sword        |    26 |     7 ||    33
       Headbutt          |     2 |     1 ||     3
  Use: Potion            |     2 |     1 ||     3
Armor: Chain mail        |     3 |     4 ||     7
Dodge: Dodged            |     5 |       ||     5
Block: Kite shield       |    10 |     2 ||    12
       Rpst.: Long sword |     2 |       ||     2

Table legend: (Time is in decaauts)
 A = Elapsed time spent in this place.
 B = Non-inter-level travel time spent in this place.
 C = Inter-level travel time spent in this place.
 D = Time resting spent in this place.
 E = Time spent auto-exploring this place.
 F = Levels seen in this place.
 G = Mean time per level.
                   A        B        C        D        E       F      G
               +--------+--------+--------+--------+--------+-----+--------+
         Total |    896 |    896 |      0 |    748 |      0 |   1 |  896.0 |
       Dungeon |    896 |    896 |      0 |    748 |      0 |   1 |  896.0 |
               +--------+--------+--------+--------+--------+-----+--------+

Top non-repeatable levels by time:
       D: 896 daAuts
